 Dungeon Crawl Stone Soup version 0.27-a0-1071-ga85bd9520d (webtiles) character file.

Game seed: 17146834708362997859

14 tardwrangler69 the Digger (level 2, 0/17 HPs)
             Began as an Octopode Earth Elementalist on Apr 24, 2021.
             Hit by a goblin thrown by Robin (1 damage)
             ... on level 2 of the Dungeon.
             The game lasted 00:00:47 (1068 turns).

tardwrangler69 the Digger (OpEE)                    Turns: 1068, Time: 00:00:48

Health: 0/17       AC:  1    Str:  7    XL:     2   Next: 41%
Magic:  5/5        EV: 13    Int: 17    God:
Gold:   42         SH:  0    Dex: 12    Spells: 4/5 levels left

rFire    . . .     SeeInvis .   g - +0 trident
rCold    . . .     Faith    .   (no shield)
rNeg     . . .     Spirit   .   (helmet restricted)
rPois    .         Reflect  .   (no amulet)
rElec    .         Harm     .   (no ring)
rCorr    .         Rampage  .   (no ring)
Will     .....                  (no ring)
Stlth    +++.......             (no ring)
HPRegen  0.05/turn              (no ring)
MPRegen  0.09/turn              (no ring)
                                (no ring)
                                (no ring)

@: no status effects
A: almost no armour, amphibious, 8 rings, camouflage 1, gelatinous body 1,
(nimble swimmer 1), tentacles
a: no special abilities


You were on level 2 of the Dungeon.
You visited 1 branch of the dungeon, and saw 2 of its levels.

You collected 42 gold pieces.

Inventory:

Hand Weapons
 g - a +0 trident (weapon)
Missiles
 b - 55 stones
Scrolls
 c - 3 scrolls of enchant weapon {unknown}
Potions
 a - a potion of cancellation {unknown}
 f - a potion of curing {unknown}


   Skills:
 - Level 2.0 Dodging
 - Level 2.6 Stealth
 + Level 2.2 Spellcasting
 - Level 1.0 Transmutations
 * Level 3.5 Earth Magic


You had 4 spell levels left.
You knew the following spells:

 Your Spells              Type           Power      Damage    Failure   Level
a - Sandblast             Erth           28%        2d8       4%          1

Your spell library contained the following spells:

 Spells                   Type           Power      Damage    Failure   Level
 Passwall                 Tmut/Erth      7%         N/A       11%         2
 Stone Arrow              Conj/Erth      14%        3d7       26%         3
 Petrify                  Tmut/Erth      9%         N/A       58%         4
 Lee's Rapid Deconstruct  Erth           7%         3d7*      77%         5


Dungeon Overview and Level Annotations

Branches:
Dungeon (2/15)

Altars:

Annotations:
D:2 Robin


Innate Abilities, Weirdness & Mutations

You cannot wear most types of armour.
You are amphibious.
You can wear up to eight rings at the same time.
Your skin changes colour to match your surroundings (Stealth+).
Your rubbery body absorbs attacks. (AC +1, EV +1)
((You are camouflaged near water. (Stealth+)))
You have tentacles for arms and can constrict up to eight enemies at once.


Message History

A goblin is nearby!
A goblin is nearby!
A goblin is nearby!
A goblin comes into view.
It is wielding a +0 dagger. 3 goblins, a hobgoblin and Robin come into view.
The goblin shouts! x2; The hobgoblin shouts!
You hear a shout!
A goblin comes into view. It is wielding a +0 club.
A goblin comes into view. It is wielding a +0 dagger.
A hobgoblin comes into view.
Robin shouts!
You hear a shout!
A hobgoblin comes into view.
The hobgoblin shouts!
The goblin shouts!
The hobgoblin shouts!
The goblin shouts!
A goblin comes into view. It is wielding a +0 dagger.
Robin roars a battlecry!
The goblins go into a battle-frenzy!
You closely miss the goblin.
The goblin shouts! x2
Your grab misses the goblin.
You hear a shout!
The goblin hits you with a +0 dagger. The hobgoblin hits you.
The goblin hits you with a +0 dagger.
A hobgoblin opens the door.
The goblin hits you with a +0 dagger.
* * * LOW HITPOINT WARNING * * *
You are too injured to fight recklessly!
You are too injured to fight recklessly!
You are too injured to fight recklessly!
You are too injured to fight recklessly!
You are too injured to fight recklessly!
You are too injured to fight recklessly!
You are too injured to fight recklessly!
You are too injured to fight recklessly!
You are too injured to fight recklessly!
Robin roars a battlecry!
Robin throws the goblin at you!
* * * LOW HITPOINT WARNING * * *
You closely miss the goblin. You grab the goblin. You constrict the goblin.
The goblin barely misses you. The goblin hits you but does no damage.
The goblin closely misses you. Robin throws the goblin at you!
You die...

#g....... #g.g.....
'......# #......# ..
#......# #.#
#########gg....# #.#
#..............# #.#
#.g.g.g........#
####.#+#..@ggggg......#
#........g#####...#.###
#.........# #####.#
#.........# #
#...<.....#
#............
#.........###
#.........# #.........#


You could see Robin, 3 hobgoblins and 7 goblins.

Vanquished Creatures
  A dart slug (D:1)
  2 endoplasms
  2 goblins (D:1)
  2 quokkas (D:1)
  2 ball pythons (D:1)
  A bat (D:1)
  A rat (D:1)
11 creatures vanquished.

Notes
Turn   | Place    | Note
-------+----------+-------------------------------------------
     0 | D:1      | tardwrangler69 the Octopode Earth Elementalist began the
                  | quest for the Orb.
     0 | D:1      | Reached XP level 1. HP: 11/11 MP: 3/3
   289 | D:1      | Reached XP level 2. HP: 7/17 MP: 0/5
  1059 | D:2      | Noticed Robin
  1068 | D:2      | Hit by a goblin thrown by Robin

Illustrated notes

Levels and vault maps discovered:
D:1:      eino_arrival_water_cross, layout_loops_cross
D:2:      layout_basic, minmay_fractal_squares_5, uniq_robin, uniq_jessica

Action                   || total
-------------------------++-------
Melee: Unarmed           ||     5
       Trident           ||    17
       Tentacles         ||     3
       Constrict         ||     4
       Short sword       ||     1
 Cast: Sandblast         ||     4
 Stab: Sleeping          ||     6
Armor: Skin              ||     2
Dodge: Dodged            ||    20

Table legend: (Time is in decaauts)
 A = Elapsed time spent in this place.
 B = Non-inter-level travel time spent in this place.
 C = Inter-level travel time spent in this place.
 D = Time resting spent in this place.
 E = Time spent auto-exploring this place.
 F = Levels seen in this place.
 G = Mean time per level.
                   A        B        C        D        E       F      G
               +--------+--------+--------+--------+--------+-----+--------+
         Total |   1071 |   1040 |     31 |      0 |    941 |   2 |  535.5 |
       Dungeon |   1071 |   1040 |     31 |      0 |    941 |   2 |  535.5 |
               +--------+--------+--------+--------+--------+-----+--------+

Top non-repeatable levels by time:
     D:1: 1049 daAuts
     D:2: 22 daAuts
